 Dungeon Crawl Stone Soup version 0.17.0-24-gcfadda4 (webtiles) character file.

161 Raultor the Insei (level 5, -1/34 HPs)
             Began as an Octopode Transmuter on Nov 16, 2015.
             Slain by an adder (3 damage)
             ... in a sewer.
             The game lasted 00:08:15 (2756 turns).

Raultor the Insei (Octopode Transmuter)             Turns: 2756, Time: 00:08:15

Health: -1/34      AC:  1    Str: 11    XL:     5   Next: 42%
Magic:  8/8        EV: 14    Int: 15    God:
Gold:   20         SH:  0    Dex: 17    Spells: 3 memorised, 2 levels left

rFire  . . .     SeeInvis .       - Unarmed
rCold  . . .     Clarity  .     (no shield)
rNeg   . . .     SustAt   .     (helmet restricted)
rPois  .         Gourm    .     (no amulet)
rElec  .         Spirit   .     e - +5 ring of dexterity
rCorr  .         Warding  .     (no ring)
rMut   .         Stasis   .     (no ring)
MR     .....                    (no ring)
Stlth  ++++......               (no ring)
                                (no ring)
                                (no ring)
                                (no ring)

@: not resistant to hostile enchantments, stealthy
A: almost no armour, amphibious, 8 rings, constrict 8, camouflage 1, gelatinous
body 1
a: no special abilities


You were in a sewer.
You were not hungry.

You visited 1 branch of the dungeon, and saw 3 of its levels.
You also visited: Sewer.

You collected 20 gold pieces.

Inventory:

Missiles
 a - 12 arrows
Jewellery
 e - a +5 ring of dexterity (left tentacle)
 h - a +2 ring of intelligence {unknown}
 t - an uncursed ring of fire {unknown}
Scrolls
 i - a scroll of noise {unknown}
 j - a scroll of amnesia {unknown}
 n - a scroll of identify {unknown}
 p - 2 scrolls of recharging {unknown}
 r - a scroll of remove curse {unknown}
 u - 3 scrolls of fog {unknown}
 v - a scroll of fear {unknown}
 x - a scroll of magic mapping {unknown}
Potions
 d - 2 potions of might {unknown}
 f - a potion of lignification {unknown}
 g - a potion of cure mutation {unknown}
 l - 2 potions of curing {unknown}
 o - a potion of haste {unknown}
 q - 3 potions of heal wounds {unknown}
 s - 2 potions of flight {unknown}
Books
 b - a book of Changes

   Spells                             Type                      Level
   a - Beastly Appendage              Transmutation                1
   b - Sticks to Snakes               Transmutation                2
   c - Spider Form                    Transmutation/Poison         3
   d - Ice Form                       Ice/Transmutation            4
   e - Blade Hands                    Transmutation                5
Comestibles
 c - 2 bread rations
 k - 11 fruits
 m - a beef jerky
 w - 5 chunks of flesh


   Skills:
 + Level 2.0 Fighting
 + Level 3.2 Dodging
 + Level 4.5 Unarmed Combat
 - Level 2.0 Spellcasting
 * Level 2.6 Transmutations


You had 2 spell levels left.
You knew the following spells:

 Your Spells              Type           Power        Failure   Level  Hunger
a - Beastly Appendage     Trmt           #.....       10%         1    #......
b - Sticks to Snakes      Trmt           #.........   12%         2    ###....
c - Spider Form           Trmt/Pois      #.........   43%         3    ###....


Dungeon Overview and Level Annotations

Branches:
Dungeon (3/15)

Altars:
Ashenzari
Elyvilon
Fedhas
Gozag
Okawaru
The Shining One


Innate Abilities, Weirdness & Mutations

You cannot wear most types of armour.
You are amphibious.
You can wear up to eight rings at the same time.
You can use your tentacles to constrict eight enemies at once.
Your skin changes colour to match your surroundings (Stealth).
Your rubbery body absorbs attacks (AC +1).


Message History

The giant newt closely misses you. The giant newt barely misses you.
You tentacle-slap the ball python.
You kill the ball python!
The ball python closely misses you. x2
The giant frog hits you. The giant frog barely misses you.
The giant newt bites you.
You tentacle-slap the giant frog. You grab the giant frog.
The giant frog is lightly wounded.
You constrict the giant frog. The giant frog barely misses you.
The ball python closely misses you. The ball python grabs you.
The ball python constricts you. The giant frog hits you!
* * * LOW HITPOINT WARNING * * *
The giant newt barely misses you. The ball python loses its grip on you.
The giant frog hits you.
* * * LOW HITPOINT WARNING * * *
The giant newt barely misses you. The giant frog hits you.
* * * LOW HITPOINT WARNING * * *
You release your grip on the giant frog.
The giant newt barely misses you. The adder bites you.
You die...

## # #### #..# #..' ####
#+#####################.
##...≈≈F≈≈≈≈≈≈≈≈≈≈≈≈≈≈≈..
#.....FS@≈≈≈≈≈≈≈≈≈≈≈≈≈...
#....≈Sll≈≈≈≈≈≈≈≈≈≈≈≈≈≈..
#....≈≈≈S≈≈≈≈≈≈≈≈≈≈≈≈≈...
#....≈≈≈≈≈≈≈≈≈≈≈≈≈≈≈≈≈...
##....≈≈≈≈≈≈≈≈≈≈≈≈≈≈≈≈..#
########################


You could see 2 giant frogs, an adder, 2 ball pythons and 2 giant newts.

Vanquished Creatures
  4 adders (Sewer)
  2 river rats (Sewer)
  3 worms (D:2)
  12 ball pythons (Sewer)
  5 giant cockroaches
  6 goblins
  3 hobgoblins
  7 jackals (D:1)
  5 kobolds
  9 bats
  7 giant geckos
  2 giant newts
  38 rats
103 creatures vanquished.

Vanquished Creatures (others)
  A bat (D:2)
1 creature vanquished.

Grand Total: 104 creatures vanquished

Notes
Turn   | Place    | Note
--------------------------------------------------------------
     0 | D:1      | Raultor the Octopode Transmuter began the quest for the Orb.
     0 | D:1      | Reached XP level 1. HP: 13/13 MP: 3/3
   100 | D:1      | Found a shattered altar of Ashenzari.
   294 | D:1      | Reached XP level 2. HP: 15/18 MP: 5/5
   639 | D:1      | Reached XP level 3. HP: 19/23 MP: 6/6
  1037 | D:1      | Learned a level 2 spell: Sticks to Snakes
  1041 | D:1      | Learned a level 3 spell: Spider Form
  1462 | D:2      | Found a white marble altar of Elyvilon.
  1536 | D:2      | Reached XP level 4. HP: 15/28 MP: 7/7
  1747 | D:2      | Found an iron altar of Okawaru.
  1951 | D:2      | Found a blossoming altar of Fedhas.
  1952 | D:2      | Found a glowing golden altar of the Shining One.
  1953 | D:2      | Found an opulent altar of Gozag.
  2011 | D:3      | Found a glowing drain.
  2016 | D:3      | Reached skill level 4 in Unarmed Combat
  2047 | Sewer    | Entered a sewer
  2503 | Sewer    | Reached XP level 5. HP: 28/34 MP: 8/8
  2747 | Sewer    | Noticed a giant frog
  2747 | Sewer    | Noticed a giant frog
  2756 | Sewer    | Slain by an adder

Action                   |  1- 3 |  4- 6 || total
-------------------------+-------+-------++-------
Melee: Unarmed           |   100 |   115 ||   215
 Cast: Beastly Appendage |     3 |       ||     3
 Stab: Sleeping          |     6 |     6 ||    12
  Eat: Chunk             |     2 |     4 ||     6
